 Dungeon Crawl Stone Soup version 0.23-a0-78-gc252fe1 (webtiles) character file.

66 tilp the Chiller (level 4, -4/30 HPs)
             Began as a Merfolk Ice Elementalist on Aug 10, 2018.
             Shot with an arrow by a centaur (16 damage)
             ... on level 3 of the Dungeon.
             The game lasted 00:05:29 (1805 turns).

tilp the Chiller (Merfolk Ice Elementalist)         Turns: 1805, Time: 00:05:30

Health: -4/30      AC:  7    Str:  8    XL:     4   Next: 15%
Magic:  4/7        EV: 13    Int: 15    God:
Gold:   149        SH:  0    Dex: 14    Spells: 1/7 levels left

rFire    . . .     SeeInvis .   g - +0 halberd (vamp)
rCold    . . .     Gourm    .   (shield currently unavailable)
rNeg     . . .     Faith    .   a - +0 robe
rPois    .         Spirit   .   (no helmet)
rElec    .         Reflect  .   (no cloak)
rCorr    .         Harm     .   (no gloves)
MR       .....                  (no boots)
Stlth    ++........             (no amulet)
HPRegen  0.10/turn              (no ring)
MPRegen  0.10/turn              (no ring)

@: icy armour
A: change form in water, swift swim, stealthy swim
a: no special abilities


You were on level 3 of the Dungeon.
You were very hungry.

You visited 1 branch of the dungeon, and saw 3 of its levels.

You collected 149 gold pieces.

Inventory:

Hand Weapons
 b - a +0 hunting sling
 g - a +0 vampiric halberd (weapon)
Missiles
 f - 15 stones (quivered)
 k - 3 javelins
Armour
 a - a +0 robe (worn)
Wands
 o - a wand of digging (11)
Scrolls
 c - 2 scrolls of remove curse {unknown}
 d - 2 scrolls of immolation
 e - a scroll of magic mapping
 m - 2 scrolls of teleportation
 p - a scroll of enchant armour {unknown}
Potions
 i - a potion of curing
 l - a potion of lignification
 n - a potion of agility
Comestibles
 h - a ration
 j - 3 chunks of flesh


   Skills:
 + Level 4.1 Polearms
 - Level 2.6 Dodging
 - Level 2.1 Stealth
 - Level 2.0 Spellcasting
 - Level 0.7 Conjurations
 - Level 4.2 Ice Magic


You had one spell level left.
You knew the following spells:

 Your Spells              Type           Power        Failure   Level  Hunger
a - Freeze                Ice            ##..         4%          1    #......
b - Throw Frost           Conj/Ice       #.....       12%         2    ###....
c - Ozocubu's Armour      Chrm/Ice       #.......     28%         3    ###....

Your spell library contained the following spells:

 Spells                   Type           Power        Failure   Level  Hunger
 Summon Ice Beast         Ice/Summ       #.......     67%         4    #####..
 Throw Icicle             Conj/Ice       #.......     63%         4    #####..


Dungeon Overview and Level Annotations

Branches:
Dungeon (3/15)

Altars:

Annotations:
D:2 exclusion: scorpion, Sigmund


Message History

You hear a shout!
You see here 2 arrows.
The giant cockroach bites you but does no damage.
Casting: Freeze (safe; 4% risk of failure)
Confirm with . or Enter, or press ? or * to list all spells.
A film of ice covers your body! The giant cockroach misses you.
You slash the giant cockroach!
You kill the giant cockroach!
The centaur shoots an arrow.
The arrow completely misses you.
A hobgoblin comes into view.
The centaur shoots an arrow.
The arrow hits you but does no damage.
Attack whom?
Press: ? - help, Dir - move target cursor, f - centaur
Aim: a centaur, wielding a shortbow You reach to attack!
You slash the centaur!
You feel better.
The centaur is heavily wounded.
The centaur shoots an arrow.
The arrow closely misses you.
The centaur shoots an arrow.
The arrow hits you!
Ouch! That really hurt!
You die...

......#...##
#####......#
#####.#...##########
....#......).......#
.##.####.#########.#
.# #)# ###.# .##.#
#+# #(..# ....#
#(### .#### #@# .#
#†# # #c.......
......##. ##....##
#....# #....g
##.#..# .#..#


You could see a centaur and a hobgoblin.

Vanquished Creatures
  A gnoll (D:1)
  An adder (D:2)
  An ooze (D:2)
  2 dart slugs
  3 leopard geckos (D:1)
  A ball python (D:2)
  2 bats (D:1)
  3 giant cockroaches
  2 goblins (D:1)
  6 hobgoblins
  3 jackals (D:3)
  3 kobolds
  A frilled lizard (D:1)
  3 rats
32 creatures vanquished.

Notes
Turn   | Place    | Note
-------+----------+-------------------------------------------
     0 | D:1      | tilp the Merfolk Ice Elementalist began the quest for the Orb.
     0 | D:1      | Reached XP level 1. HP: 13/13 MP: 3/3
   143 | D:1      | Reached XP level 2. HP: 19/19 MP: 0/5
   315 | D:1      | Reached skill level 1 in Polearms
   392 | D:1      | Reached XP level 3. HP: 17/24 MP: 2/6
   966 | D:2      | Learned a level 2 spell: Throw Frost
   970 | D:2      | Learned a level 3 spell: Ozocubu's Armour
  1300 | D:2      | Noticed Sigmund
  1357 | D:2      | Noticed a scorpion
  1397 | D:2      | Reached XP level 4. HP: 30/30 MP: 7/7
  1799 | D:3      | Noticed a centaur
  1805 | D:3      | Shot with an arrow by a centaur

Vault maps used:
D:1:      minmay_arrival_four_loops
D:2:      first_ration, minmay_misc_feat_rows, uniq_sigmund
D:3:      uniq_ijyb

Skill      XL: |  1  2  3  4 |
---------------+-------------+-----
Ice Magic      | 4 |  4.2
Polearms       | 2 3 4 |  4.1
Dodging        | |  2.6
Stealth        | |  2.1
Spellcasting   | |  2.0
Conjurations   | |  0.7

Action                   |  1- 3 |  4- 6 || total
-------------------------+-------+-------++-------
Melee: Unarmed           |     4 |       ||     4
       Halberd           |     9 |    18 ||    27
 Cast: Freeze            |    38 |       ||    38
       Ozocubu's Armour  |       |     1 ||     1
  Use: Scroll            |     6 |     2 ||     8
 Stab: Sleeping          |     2 |     1 ||     3
  Eat: Ration            |     2 |       ||     2
Armor: Robe              |     5 |     6 ||    11
Dodge: Dodged            |    26 |    17 ||    43

Table legend:
 A = Non-vault XP
 B = Vault XP
 C = Vault XP percentage of total XP
 D = Non-vault monster count
 E = Vault monster count
 F = Vault count percentage of total count
 G = Total turns spent on level
                 A         B        C        D         E       F
            +---------+---------+-------+---------+---------+-------
      Total |      95 |       0 |   0.0 |      32 |       0 |   0.0
            +---------+---------+-------+---------+---------+-------
        D:1 |      49 |       0 |   0.0 |      17 |       0 |   0.0
        D:2 |      33 |       0 |   0.0 |       8 |       0 |   0.0
        D:3 |      13 |       0 |   0.0 |       7 |       0 |   0.0
            +---------+---------+-------+---------+---------+-------
